 Dungeon Crawl Stone Soup version 0.19.1 (webtiles) character file.

1289 BarneyGumball the Covert (level 8, 24/40 HPs)
             Began as a Spriggan Assassin on Dec 30, 2016.
             Was an Initiate of Gozag.
             Quit the game on level 6 of the Dungeon on Dec 31, 2016.
             The game lasted 00:55:00 (7819 turns).

BarneyGumball the Covert (Spriggan Assassin)        Turns: 7819, Time: 00:55:01

Health: 24/40      AC:  3    Str:  8    XL:     8   Next: 30%
Magic:  9/9        EV: 16    Int: 13    God:    Gozag
Gold:   472        SH:  0    Dex: 18    Spells: 1 memorised, 6 levels left

rFire  x . .     SeeInvis +     a - +2 dagger
rCold  + . .     Gourm    .     c - +0 robe
rNeg   . . .     Faith    .     (shield restricted)
rPois  .         Spirit   .     (helmet restricted)
rElec  .         Reflect  .     d - +0 cloak
rCorr  .         Harm     .     (gloves unavailable)
MR     +....                    (boots unavailable)
Stlth  +++++.....               (no amulet)
                                (no ring)
                                m - ring of ice

@: drained, very quick
A: unfitting armour, see invisible, herbivore 3, speed 3, slow metabolism 2
a: Potion Petition, Call Merchant, Bribe Branch, Renounce Religion


You were on level 6 of the Dungeon.
You worshipped Gozag.
Gozag was aware of your devotion.
You were not hungry.

You visited 2 branches of the dungeon, and saw 8 of its levels.

You collected 541 gold pieces.
You paid 69 gold pieces to Gozag.

Inventory:

Hand Weapons
 a - a +2 dagger (weapon)
 b - a +0 blowgun
Missiles
 e - 10 poisoned needles (quivered)
 f - 2 curare-tipped needles
Armour
 c - a +0 robe (worn)
 d - a +0 cloak (worn)
Jewellery
 m - a ring of ice (left hand)
Wands
 s - a wand of flame (27/48)
 A - a wand of iceblast (4/15)
Scrolls
 i - 3 scrolls of identify {unknown}
 j - 4 scrolls of teleportation {unknown}
 n - a scroll of amnesia {unknown}
 o - 2 scrolls of immolation {unknown}
 p - a scroll of blinking {unknown}
 t - a scroll of recharging {unknown}
 v - 2 scrolls of fear {unknown}
 y - 2 scrolls of enchant weapon {unknown}
 z - a scroll of noise {unknown}
Potions
 k - 3 potions of brilliance {unknown}
 r - a potion of haste
 u - a potion of berserk rage {unknown}
 x - 2 potions of curing {unknown}
 B - a potion of might {unknown}
 C - a potion of heal wounds {unknown}
Books
 q - a book of Misfortune

   Spells                             Type                      Level
   a - Confusing Touch                Hexes                        1
   b - Confuse                        Hexes                        3
   c - Gell's Gravitas                Hexes/Translocation          3
   d - Petrify                        Transmutation/Earth          4
   e - Metabolic Englaciation         Hexes/Ice                    5
   f - Yara's Violent Unravelling     Hexes/Transmutation          5
 w - a book of Conjurations

   Spells                             Type                      Level
   a - Magic Dart                     Conjuration                  1
   b - Searing Ray                    Conjuration                  2
   c - Dazzling Spray                 Conjuration/Hexes            3
   d - Fulminant Prism                Conjuration/Hexes            4
   e - Iskenderun's Mystic Blast      Conjuration                  4
   f - Iskenderun's Battlesphere      Conjuration/Charms           5
Comestibles
 g - 3 bread rations
 l - 8 fruits


   Skills:
 + Level 3.2(3.1) Fighting
 * Level 6.7(6.6) Short Blades
 - Level 2.0(1.8) Throwing
 - Level 1.5(1.3) Dodging
 - Level 12.0(11.8) Stealth
 - Level 1.5(1.3) Conjurations


You had 6 spell levels left.
You knew the following spells:

 Your Spells              Type           Power        Failure   Level  Hunger
a - Magic Dart            Conj           #...         21%         1    ##.....


Dungeon Overview and Level Annotations

Branches:
Dungeon (7/15)             Temple (1/1) D:5

Altars:
Ashenzari
Dithmenos
Elyvilon
Fedhas
Gozag
Hepliaklqana
Kikubaaqudgha
Makhleb
Okawaru
Ru
Trog
Xom
The Shining One

Annotations:
D:2 Sigmund
D:3 Robin
D:4 Grinder


Innate Abilities, Weirdness & Mutations

You are very small and have problems with some larger weapons.
You are too small for most types of armour.
You have supernaturally acute eyesight. (SInv)
You are a herbivore.
You cover ground extremely quickly.
You need consume almost no food.


Message History

There is an open door here.
The orc shouts!
The orc priest shouts!
The orc wizard shouts!
You hit the orc wizard but do no damage.
The orc wizard misses you.
The orc wizard points at you and mumbles some strange words.
The puff of flame hits you! The fire burns you terribly!
The orc wizard gestures at you while chanting.
The puff of flame hits you! The fire burns you terribly!
You see here a dagger.
Things that are here:
a dagger; a robe
e - 8 poisoned needles (gained 1)
e - 9 poisoned needles (gained 1)
e - 10 poisoned needles (gained 1)
There is a stone staircase leading down, spattered with blood here.
You start resting.
Unknown command.
Unknown command.
Unknown command.
Are you sure you want to abandon this character and quit the game? (Confirm with "yes".)

#.......# #.#.#.# #
###...### #.#.#.# # #...#
#.o...# # ##.## ###'###
###.####### ##.o.##
##.........# ##.....##
#........#.###..o....#####
#..#.#...#)##.........##..
#..#.....@>)'.........'...
#..#.....#)##.........##.#
#..........###.......###.#
#.####.#.### ##.....## #.#
#.####.#.# ##...## #.#
#........# ##'## #.#
######.### #.# #.. #.# #.#
### #.# ######.##


You could see an orc wizard.

Vanquished Creatures
  Eustachio (D:4)
  Menkaure (D:4)
  A black bear (D:7)
  A hornet zombie (D:7)
  2 ogres (D:5)
  A big kobold (D:6)
  A scorpion (D:5)
  A wyvern skeleton (D:6)
  A jelly (D:6)
  A hound (D:7)
  An orc wizard (D:6)
  2 iguanas (D:6)
  3 worker ants
  2 killer bee zombies
  2 hound zombies
  2 hound skeletons (D:4)
  3 gnolls (D:6)
  4 adders
  A shadow imp (D:6)
  An adder zombie (D:7)
  An adder skeleton (D:7)
  2 worms
  3 dart slugs (D:2)
  3 leopard geckos
  12 orcs
  A ball python (D:4)
  2 giant cockroaches
  5 goblins
  4 hobgoblins
  8 jackals
  A quokka (D:6)
  7 bats
  9 frilled lizards
  A hobgoblin zombie (D:7)
  12 kobolds
  A leopard gecko zombie (D:5)
  2 rats
106 creatures vanquished.

Notes
Turn   | Place    | Note
-------+----------+-------------------------------------------
     0 | D:1      | BarneyGumball the Spriggan Assassin began the quest for the Orb.
     0 | D:1      | Reached XP level 1. HP: 10/10 MP: 2/2
   326 | D:1      | Reached skill level 6 in Stealth
   638 | D:1      | Reached XP level 2. HP: 4/14 MP: 3/3
  1531 | D:2      | Noticed Sigmund
  1620 | D:2      | Reached XP level 3. HP: 18/18 MP: 4/4
  1683 | D:2      | Found a faded altar of an unknown god.
  1698 | D:2      | Reached skill level 7 in Stealth
  2023 | D:3      | Noticed Robin
  2023 | D:3      | Reached XP level 4. HP: 17/22 MP: 5/5
  2323 | D:3      | Reached skill level 8 in Stealth
  2699 | D:4      | Reached XP level 5. HP: 25/25 MP: 6/6
  2736 | D:4      | Noticed Grinder
  2881 | D:4      | Noticed Menkaure
  2885 | D:4      | Killed Menkaure
  2885 | D:4      | Reached skill level 9 in Stealth
  2885 | D:4      | Reached XP level 6. HP: 30/30 MP: 7/7
  3005 | D:4      | Noticed Eustachio
  3008 | D:4      | Killed Eustachio
  3008 | D:4      | Reached skill level 10 in Stealth
  3114 | D:4      | Reached skill level 5 in Short Blades
  3219 | D:5      | Entered Level 5 of the Dungeon
  3271 | D:5      | Reached XP level 7. HP: 33/33 MP: 8/8
  3554 | D:5      | Found a hazy altar of Hepliaklqana.
  3560 | D:5      | Reached skill level 11 in Stealth
  3597 | D:5      | Found a shadowy altar of Dithmenos.
  4153 | D:5      | Found a staircase to the Ecumenical Temple.
  4159 | Temple   | Entered the Ecumenical Temple
  4189 | Temple   | Became a worshipper of Gozag Ym Sagoz the Greedy
  5267 | D:6      | Reached skill level 12 in Stealth
  5774 | D:6      | Found a blossoming altar of Fedhas.
  6046 | D:7      | Found a glowing golden altar of the Shining One.
  6364 | D:7      | Learned a level 1 spell: Magic Dart
  6376 | D:7      | Reached XP level 8. HP: 39/39 MP: 9/9
  6526 | D:7      | Found a bloodstained altar of Trog.
  6619 | D:7      | Reached skill level 1 in Conjurations
  6694 | D:7      | Found an ancient bone altar of Kikubaaqudgha.
  6699 | D:7      | Found a blossoming altar of Fedhas.
  7819 | D:6      | Quit the game

Skill      XL: |  1  2  3  4  5  6  7  8 |
---------------+-------------------------+-----
Stealth        | 6 7 8 9 10 12 | 12.0
Short Blades   | 3 4 5 6 |  6.7
Fighting       | 2 3 |  3.2
Conjurations   | 1 |  1.5
Throwing       | |  2.0
Dodging        | |  1.5

Action                   |  1- 3 |  4- 6 |  7- 9 || total
-------------------------+-------+-------+-------++-------
Melee: Dagger            |   147 |    72 |   199 ||   418
 Fire: Blowgun           |     4 |     6 |    54 ||    64
 Cast: Magic Dart        |       |       |     9 ||     9
  Use: Potion            |     1 |       |       ||     1
 Stab: Sleeping          |    10 |     7 |    11 ||    28
       Distracted        |     1 |     1 |     3 ||     5
  Eat: Pizza             |       |       |     3 ||     3
Armor: Robe              |    17 |     3 |    17 ||    37
Dodge: Dodged            |    79 |    51 |   103 ||   233
